 Crawl Stoat Soup version 0.23-s2-221-gc56da6d573 (console) character file.

36242 damerell the Spear-Bearer (level 13, -15/101 HPs)
             Began as a Demonspawn Skald on Apr 8, 2023.
             Was a High Priest of Dithmenos.
             Killed from afar by a lindwurm (20 damage)
             ... with a blast of flame
             ... on level 6 of the Lair of Beasts on Apr 14, 2023.
             The game lasted 01:40:07 (24145 turns).

damerell the Spear-Bearer (Demonspawn Skald)       Turns: 24145, Time: 01:40:08

Health: -15/101    AC:  6    Str: 18    XL:     13   Next: 51%
Magic:  13/13 (22) EV: 19    Int: 15    God:    Dithmenos [*****.]
Gold:   839        SH:  7    Dex: 13    Spells: 7/24 levels left

rFire    . . .     SeeInvis .   x - +7 demon whip of Numi {freeze, Str+2}
rCold    + . .     Gourm    .   i - +0 buckler {rC+}
rNeg     . . .     Faith    .   v - +0 leather armour
rPois    +         Spirit   .   (helmet restricted)
rElec    .         Warding  .   (no cloak)
rCorr    .         Reflect  +   A - +2 pair of gloves
MR       .....     Harm     .   (no boots)
Stlth    ++........             j - +2 amulet of reflection
HPRegen  1.26/turn              w - +3 ring of evasion
MPRegen  0.18/turn              y - ring of poison resistance

@: regenerating, infusing, unshrouded, singing, 9 MP reserved for charms, 0.15
MP regen used to sustain charms
A: antennae 2, claws 2, talons 2, powered by pain 2, condensation shield
a: Shadow Step, Shadow Form, Renounce Religion, End Permanent Enchantments


You were on level 6 of the Lair of Beasts.
You worshipped Dithmenos.
Dithmenos was extremely pleased with you.
You were not hungry.

You visited 2 branches of the dungeon, and saw 14 of its levels.
You also visited: Ice Cave.

You collected 899 gold pieces.
You spent 60 gold pieces at shops.

Inventory:

Hand Weapons
 x - the +7 demon whip of Numi (weapon) {freeze, Str+2}
   (You found it in an ice cave)

   It has been specially enchanted to freeze those struck by it, causing extra
   injury to most foes and up to half again as much damage against particularly
   susceptible opponents.
   It can also slow down cold-blooded creatures.
   It affects your strength (+2).
Missiles
 c - 159 stones (quivered)
 n - 28 boomerangs
 o - 168 arrows
 r - 38 poisoned darts
 L - 2 darts of blinding
Armour
 i - a +0 buckler of cold resistance (worn)
   (You found it in an ice cave)
 m - the +0 hat "Puomadwa" {*Slow Dex+5 Slay+2}
   (You found it in an ice cave)

   It affects your dexterity (+5).
   It affects your accuracy and damage with ranged weapons and melee attacks
   (+2).
   It may slow you when you take damage.
 v - a +0 leather armour (worn)
 A - a +2 pair of gloves (worn)
   (You found it on level 8 of the Dungeon)
Jewellery
 a - an uncursed ring of positive energy {unknown}
   (You found it on level 5 of the Lair of Beasts)
 f - an uncursed ring of protection from fire
   (You found it on level 4 of the Dungeon)
 j - a +2 amulet of reflection (around neck)
   (You found it on level 1 of the Dungeon)
 w - a +3 ring of evasion (left hand)
   (You found it on level 3 of the Dungeon)
 y - a ring of poison resistance (right hand)
   (You found it on level 3 of the Dungeon)
 J - an uncursed amulet of guardian spirit
   (You found it on level 2 of the Lair of Beasts)
 M - an uncursed ring of wizardry
   (You found it on level 3 of the Lair of Beasts)
 P - an uncursed amulet of magic regeneration
   (You found it on level 4 of the Lair of Beasts)
Wands
 I - a wand of acid (4 charges)
 N - a wand of iceblast (3 charges)
Scrolls
 g - 3 scrolls of noise
 h - 5 scrolls of magic mapping
 k - 3 scrolls of enchant armour
 l - 5 scrolls of fog
 t - 2 scrolls of amnesia
 u - 3 scrolls of teleportation
 B - a scroll of blinking {unknown}
 D - a scroll of fear {unknown}
 G - a scroll of silence {unknown}
 Q - 2 scrolls of enchant weapon
Potions
 p - 3 potions of flight
 q - 4 potions of curing
 s - a potion of agility
 z - 2 potions of resistance
 C - a potion of mutation
 O - a potion of magic
 R - 2 potions of brilliance
Comestibles
 b - 3 fruits
 d - 16 bread rations
 e - 2 meat rations
 E - 12 chunks of flesh


   Skills:
 - Level 9.2 Fighting
 * Level 5.7 Maces & Flails
   Level 11.4 Polearms
 - Level 0.8 Armour
 - Level 8.0 Dodging
 - Level 4.0 Stealth
 + Level 3.9 Shields
 - Level 6.0 Spellcasting
 - Level 6.0 Charms
 - Level 8.1 Necromancy
 - Level 4.0 Translocations
 + Level 2.6 Air Magic
 - Level 4.0 Invocations
 - Level 4.0 Evocations


You had 7 spell levels left.
You knew the following spells:

 Your Spells              Type           Power        Failure   Level  Hunger
a - Infusion              Chrm           22/25        1%          1    None
b - Shroud of Golubria    Chrm/Tloc      19/50        3%          2    #......
c - Song of Slaying       Chrm           22/100       2%          2    #......
d - Regeneration          Chrm/Necr      25/200       10%         4    ####...
e - Ice Form              Ice/Tmut       4/100        86%         4    ####...
f - Insulation            Chrm/Air       17/200       28%         4    ####...

Your spell library contained the following spells:

 Spells                   Type           Power        Failure   Level  Hunger
 Apportation              Tloc           16/50        3%          1    None
 Teleport Other           Tloc           16/100       10%         3    ##.....
 Spectral Weapon          Hex/Chrm       13/100       16%         3    ##.....
 Beastly Appendage        Tmut           4/50         17%         1    None
 Recall                   Summ/Tloc      N/A          22%         3    ##.....
 Ensorcelled Hibernation  Hex/Ice        4/50         26%         2    #......
 Sticks to Snakes         Tmut           4/100        26%         2    #......
 Confuse                  Hex            4/100        45%         3    ##.....
 Dazzling Spray           Conj/Hex       4/50         45%         3    ##.....
 Spider Form              Tmut/Pois      4/200        45%         3    ##.....
 Tukima's Dance           Hex            4/100        45%         3    ##.....
 Force Lance              Conj/Tloc      10/100       58%         4    ####...
 Summon Lightning Spire   Summ/Air       8/100        71%         4    ####...
 Silence                  Hex/Air        8/200        96%         5    ######.
 Blade Hands              Tmut           4/200        99%         5    ######.
 Deflect Missiles         Chrm/Air       17/200       99%         6    #######
 Conjure Ball Lightning   Conj/Air       8/200        100%        6    #######
 Tornado                  Air            12/200       100%        9    #######


Dungeon Overview and Level Annotations

Branches:
Dungeon (8/15)             Temple (0/1) D:6            Lair (6/6) D:8
 Shoals (0/4) Lair:2        Snake (0/4) Lair:2
  Slime: Lair:5-6

Altars:
Ashenzari
Dithmenos Ihp'ix
Makhleb
Sif Muna
Trog

Shops:
D:7 ?

Annotations:
Lair:6 1 runed door


Innate Abilities, Weirdness & Mutations

You have a pair of antennae on your head.
You have very sharp fingernails.
You have razor-sharp toenails.
You sometimes gain power by taking damage.
A meltable shield of frost defends you. (SH +0)


Message History

The torpor snail is lightly wounded.
Your shadow hits the torpor snail but does no damage.
You hit the torpor snail but do no damage.
You claw the torpor snail.
The torpor snail is lightly wounded.
Your shadow hits the torpor snail but does no damage.
The torpor snail bites you!
You whack the torpor snail! You freeze the torpor snail.
The torpor snail is heavily wounded.
The torpor snail misses you.
You whack the torpor snail! You freeze the torpor snail.
The torpor snail is severely wounded.
Your shroud bends the torpor snail's attack away!
You whack the torpor snail! You freeze the torpor snail.
You kill the torpor snail!
Dithmenos accepts your kill.
You feel yourself speed up.
c - 161 stones (gained 1)
c - 162 stones (gained 1)
c - 163 stones (gained 1)
A firefly comes into view.
Throwing (i - inventory) (/) - cycle)
c - 163 stones (quivered)
Press: ? - help, Shift-Dir - straight line, f - firefly
Aim: a firefly (resting)
You throw a stone.
The stone hits the firefly but does no damage.
Throwing (i - inventory) (/) - cycle)
c - 162 stones (quivered)
Press: ? - help, Shift-Dir - straight line, f/p - firefly
Aim: a firefly You throw a stone.
The stone barely misses the firefly.
The firefly misses you.
You closely miss the firefly. Your kick misses the firefly.
You block the firefly's attack.
You thrash the firefly!! You freeze the firefly! Your kick misses the firefly.
The firefly is almost dead.
The firefly misses you.
The firefly flashes a warning beacon!
You miss the firefly.
The firefly is almost dead.
A firefly comes into view.
A firefly comes into view.
You block the firefly's attack.
The firefly flashes a warning beacon!
You hear a roar!
You thrash the firefly!! You freeze the firefly.
You kill the firefly!
Dithmenos accepts your kill.
Dithmenos appreciates your extinguishing a source of fire.
Throwing (i - inventory) (/) - cycle)
c - 161 stones (quivered)
Press: ? - help, Shift-Dir - straight line, f - firefly
Aim: a firefly You throw a stone.
The stone misses the firefly.
The stone closely misses the firefly.
Your shadow throws a stone.
The stone misses the firefly.
The stone hits the firefly but does no damage.
The stone disappears in a puff of smoke!
Your shroud bends the firefly's attack away!
You hit the firefly! You freeze the firefly. You claw the firefly.
The firefly is heavily wounded.
The firefly bites you but does no damage.
The firefly completely misses you.
You whack the firefly!! You freeze the firefly.
You kill the firefly!
Dithmenos accepts your kill.
Dithmenos appreciates your extinguishing a source of fire.
You block the firefly's attack.
You whack the firefly! You freeze the firefly.
The firefly is severely wounded.
The firefly closely misses you.
You whack the firefly! You freeze the firefly.
You kill the firefly!
Dithmenos accepts your kill.
Dithmenos appreciates your extinguishing a source of fire.
A lindwurm comes into view.
Throwing (i - inventory) (/) - cycle)
c - 160 stones (quivered)
Press: ? - help, Shift-Dir - straight line, f - lindwurm
Aim: a lindwurm (umbra)
You throw a stone.
The stone hits the lindwurm but does no damage.
A firefly comes into view.
The lindwurm breathes flames at you. The blast of flame hits you!
Your condensation shield dissipates!
You focus on the pain.
You feel your power returning.
You see here a firefly corpse.
You whack the lindwurm! You freeze the lindwurm.
The lindwurm is moderately wounded.
The lindwurm bites you! The lindwurm claws you.
The lindwurm closely misses you. The firefly bites you!
You are engulfed in flames!
You hit the lindwurm! You freeze the lindwurm. You claw the lindwurm.
The lindwurm is severely wounded.
The firefly bites you!
* * * LOW HITPOINT WARNING * * *
You focus on the pain.
You feel your power returning.
You are engulfed in flames!
* * * LOW HITPOINT WARNING * * *
Your shroud falls apart!
The lindwurm breathes flames at you. The blast of flame hits you!
You die...

##.....#..#### ###((#
#.....##....P###@k.(#
....#####.......†y.##
.##.# #####....###
##### ######


You could see a lindwurm and a firefly.

Vanquished Creatures
  2 entropy weavers (Lair:6)
  5 hydras
  A catoblepas (Lair:2)
  A queen ant (Lair:6)
  A griffon (Lair:6)
  7 elephants
  A black mamba (Lair:1)
  2 ice statues (IceCv)
  13 spiny frogs
  3 torpor snails (Lair:6)
  6 rime drakes
  4 komodo dragons
  A troll (D:8)
  4 fireflies (Lair:6)
  10 ice devils (IceCv)
  A polar bear (Lair:4)
  4 blink frogs
  Prince Ribbit (D:8)
  21 yaks
  3 spriggans
  13 hippogriffs
  3 basilisks
  10 porcupines
  11 soldier ants (Lair:6)
  A black bear (D:7)
  11 water moccasins
  An orc warrior (D:8)
  3 sky beasts (D:6)
  2 necrophages
  3 ice beasts (D:8)
  6 ogres
  3 centaurs
  5 wolves
  7 crocodiles
  A phantom (D:7)
  13 bullfrogs
  2 scorpions
  3 jellies
  3 wights (D:4)
  4 killer bees (D:8)
  4 electric eels (D:8)
  A goliath beetle (D:8)
  10 hounds
  2 orc wizards (D:8)
  An iguana (D:7)
  20 worker ants
  A hound zombie (D:6)
  Robin (D:2)
  6 gnolls
  11 adders
  13 white imps
  4 ufetubi
  An ooze (D:1)
  2 adder skeletons
  3 worms
  5 dart slugs
  3 leopard geckos
  13 orcs
  2 ball pythons
  10 giant cockroaches
  12 goblins
  10 hobgoblins
  8 jackals
  5 kobolds
  4 weasels
  9 bats
  4 frilled lizards
  A jackal skeleton (D:5)
  A leopard gecko skeleton (D:4)
  4 rats
  2 fungi
  A plant (Lair:6)
370 creatures vanquished.

Vanquished Creatures (others)
  A reaper (IceCv)
  A centaur (D:7)
  4 white imps (IceCv)
  4 ufetubi (IceCv)
  A bush (Lair:5)
  9 fungi
  6 plants
26 creatures vanquished.

Grand Total: 396 creatures vanquished

Notes
Turn   | Place    | Note
-------+----------+-------------------------------------------
     0 | D:1      | damerell the Demonspawn Skald began the quest for the Orb.
     0 | D:1      | Reached XP level 1. HP: 16/16 MP: 3/3
   210 | D:1      | Reached skill level 2 in Polearms
   304 | D:1      | Gained mutation: You sometimes gain a little power by
                  | taking damage. [demonic ancestry]
   304 | D:1      | Reached XP level 2. HP: 22/22 MP: 0/5
   404 | D:1      | Learned a level 2 spell: Shroud of Golubria
  1042 | D:1      | Reached XP level 3. HP: 28/28 MP: 1/6
  1688 | D:1      | HP: 6/28 [worker ant (7)]
  1689 | D:1      | HP: 2/28 [worker ant (2)]
  1693 | D:1      | Reached skill level 1 in Translocations
  1966 | D:2      | Gained mutation: You have a pair of small antennae on your
                  | head. [demonic ancestry]
  1966 | D:2      | Reached XP level 4. HP: 26/34 MP: 0/7
  2184 | D:2      | Found a faded altar of an unknown god.
  2484 | D:2      | Noticed Robin
  2594 | D:2      | Killed Robin
  2594 | D:2      | Reached skill level 3 in Polearms
  3047 | D:2      | Gained mutation: You have sharp toenails. [demonic
                  | ancestry]
  3047 | D:2      | Reached XP level 5. HP: 24/41 MP: 2/8
  5519 | D:2      | Became a worshipper of Dithmenos the Shadowed
  5519 | D:2      | Reached * piety under Dithmenos
  5859 | D:4      | Reached XP level 6. HP: 29/47 MP: 3/9
  6040 | D:4      | HP: 6/47 [wight/trident (10)]
  6041 | D:4      | HP: 1/47 [wight/trident (6)]
  6486 | D:4      | HP: 15/47 [gnoll/halberd of freezing (3)]
  6500 | D:4      | HP: 14/47 [gnoll/whip (3)]
  6759 | D:4      | Reached skill level 4 in Polearms
  6950 | D:4      | Found a bloodstained altar of Trog.
  7101 | D:4      | Found a deep blue altar of Sif Muna.
  7101 | D:4      | Found a three-legged altar of Ihp'ix.
  7300 | D:4      | Gained mutation: You have razor-sharp toenails. [demonic
                  | ancestry]
  7300 | D:4      | Reached XP level 7. HP: 48/53 MP: 2/11
  7777 | D:5      | Entered Level 5 of the Dungeon
  8066 | D:5      | Reached skill level 5 in Polearms
  8154 | D:5      | Reached ** piety under Dithmenos
  8205 | D:5      | Reached skill level 1 in Invocations
  8205 | D:5      | Gained mutation: You have a pair of antennae on your head.
                  | [demonic ancestry]
  8205 | D:5      | Reached XP level 8. HP: 59/61 MP: 6/12
  8425 | D:5      | Reached skill level 5 in Fighting
  8771 | D:6      | Learned a level 2 spell: Song of Slaying
  9151 | D:6      | Found a staircase to the Ecumenical Temple.
  9318 | D:6      | Reached skill level 6 in Polearms
  9324 | D:6      | Learned a level 4 spell: Regeneration
  9589 | D:7      | Reached skill level 1 in Necromancy
  9790 | D:7      | Gained mutation: You sometimes gain power by taking damage.
                  | [demonic ancestry]
  9790 | D:7      | Reached XP level 9. HP: 69/69 MP: 5/13
 10237 | D:7      | Found Aplaji's Magic Scroll Emporium.
 10244 | D:7      | Bought a scroll of identify for 30 gold pieces
 10244 | D:7      | Bought a scroll of identify for 30 gold pieces
 10488 | D:8      | Found a shattered altar of Ashenzari.
 10709 | D:8      | Reached skill level 7 in Polearms
 10970 | D:8      | Noticed a troll
 10976 | D:8      | HP: 10/69 [electric eel/bolt of electricity (13)]
 10977 | D:8      | HP: 1/69 [electric eel/bolt of electricity (9)]
 11458 | D:8      | Found a burning altar of Makhleb.
 11529 | D:8      | Reached skill level 5 in Dodging
 11534 | D:8      | Reached *** piety under Dithmenos
 11600 | D:8      | Reached skill level 5 in Necromancy
 11635 | D:8      | HP: 20/69 [troll (5)]
 11636 | D:8      | Killed a troll
 11647 | D:8      | HP: 9/71 [killer bee (6)]
 12022 | D:8      | Found a staircase to the Lair.
 12134 | D:8      | Gained mutation: A meltable shield of frost defends you.
                  | (SH +0) [demonic ancestry]
 12134 | D:8      | Reached XP level 10. HP: 77/77 MP: 6/14
 12388 | D:8      | HP: 22/77 [electric eel/bolt of electricity (13)]
 12389 | D:8      | Reached skill level 8 in Polearms
 12761 | D:8      | HP: 25/79 [electric eel/bolt of electricity (8)]
 13125 | Lair:1   | Entered Level 1 of the Lair of Beasts
 13212 | Lair:1   | Reached skill level 1 in Stealth
 13351 | Lair:1   | Noticed Prince Ribbit
 13376 | D:8      | Killed Prince Ribbit
 13733 | Lair:1   | Noticed a spiny frog
 13741 | Lair:1   | Killed a spiny frog
 13862 | Lair:1   | Noticed a spiny frog
 13876 | Lair:1   | Killed a spiny frog
 14175 | Lair:1   | Noticed a spiny frog
 14190 | Lair:1   | Killed a spiny frog
 14459 | Lair:1   | Reached skill level 9 in Polearms
 14618 | Lair:1   | Reached XP level 11. HP: 83/84 MP: 9/18
 14661 | Lair:1   | Reached skill level 5 in Spellcasting
 15567 | Lair:1   | Reached skill level 5 in Charms
 15789 | Lair:2   | Found a staircase to the Snake Pit.
 16008 | Lair:2   | Noticed a five-headed hydra
 16148 | Lair:2   | HP: 26/86 [six-headed hydra (13)]
 16149 | Lair:2   | Killed a six-headed hydra
 16149 | Lair:2   | Reached **** piety under Dithmenos
 16157 | Lair:2   | HP: 4/86 [crocodile (18)]
 16696 | Lair:2   | Reached skill level 10 in Polearms
 16827 | Lair:2   | Found a staircase to the Shoals.
 16874 | Lair:2   | Noticed a catoblepas
 16891 | Lair:2   | Killed a catoblepas
 17418 | Lair:2   | Noticed a six-headed hydra
 17431 | Lair:2   | Killed a six-headed hydra
 17571 | Lair:2   | Gained mutation: You have sharp fingernails. [demonic
                  | ancestry]
 17571 | Lair:2   | Reached XP level 12. HP: 94/94 MP: 7/19
 17877 | Lair:3   | Reached skill level 1 in Evocations
 17942 | Lair:3   | Identified the Catalogue of Orientation
 18560 | Lair:4   | Found the +2 cloak of the Thief {+Fog Slay-2 SInv Stlth+}
 19045 | Lair:4   | Upgraded the game from 0.23-s2-220-g26be4015f9 to
                  | 0.23-s2-221-gc56da6d573
 19129 | Lair:4   | Reached skill level 11 in Polearms
 19428 | Lair:4   | Reached ***** piety under Dithmenos
 20084 | Lair:5   | Found a frozen archway.
 20096 | IceCv    | Entered an ice cave
 20278 | IceCv    | Killed a reaper
 20866 | IceCv    | Learned a level 4 spell: Ice Form
 20952 | IceCv    | HP: 29/95 [ice devil (20)]
 21080 | IceCv    | Got a faintly humming hat
 21086 | IceCv    | Identified the +0 hat "Puomadwa" {*Slow Dex+5 Slay+2} (You
                  | found it in an ice cave)
 21281 | IceCv    | Got an iridescent demon whip
 21282 | IceCv    | Identified the +7 demon whip of Numi {freeze, Str+2} (You
                  | found it in an ice cave)
 21295 | IceCv    | Got a twisted falchion
 21296 | IceCv    | Identified the cursed +1 falchion of the Land of Plenty
                  | {slice, Dex+3} (You found it in an ice cave)
 21915 | Lair:5   | Reached skill level 1 in Maces & Flails
 22270 | Lair:5   | Reached skill level 1 in Shields
 22270 | Lair:5   | Gained mutation: You have very sharp fingernails. [demonic
                  | ancestry]
 22270 | Lair:5   | Reached XP level 13. HP: 97/101 MP: 14/22
 22526 | Lair:6   | Entered Level 6 of the Lair of Beasts
 23139 | Lair:6   | Learned a level 4 spell: Insulation
 23255 | Lair:6   | Reached skill level 1 in Air Magic
 23259 | Lair:6   | Noticed an entropy weaver
 23479 | Lair:6   | HP: 22/101 [entropy weaver (14)]
 23480 | Lair:6   | Killed an entropy weaver
 23726 | Lair:6   | Noticed an entropy weaver
 23821 | Lair:6   | Killed an entropy weaver
 23821 | Lair:6   | Reached skill level 5 in Maces & Flails
 23939 | Lair:6   | Found a runed door.
 24144 | Lair:6   | HP: 30/101 [firefly (10)]
 24145 | Lair:6   | HP: 5/101 [firefly (13)]
 24145 | Lair:6   | Killed from afar by a lindwurm

Vault maps used:
D:1:      minmay_arrival_split_and_join
D:2:      chequers_ecumenical_altar_simple, hangedman_decor_clover_reticule,
          grunt_ministairs_13, bh_walls_and_bars, uniq_robin
D:4:      gammafunk_temple_overflow_pools, first_bread, serial_glass,
          glass_columns_b, glass_columns_c, bloody_trog
D:5:      kennysheep_six_static_rooms
D:6:      temple_pool_b
D:7:      serial_shops, nicolae_shop_competitors_out_of_business, the_bakery
D:8:      erik_lair_island, basic_altar, makhleb_heckhound_becter
Lair:1:   wad_woods_tower, serial_bayou_shore_b, uniq_prince_ribbit2
Lair:2:   elwin_shoals_entry_rocks, chequers_serial_rivers_micro_d,
          serial_bayou_shore_b
Lair:3:   serial_bayou_shore_a
Lair:5:   portal_ice_cave_rime, minmay_hedge_maze
Lair:6:   wormcave, dpeg_slime_entry_corner, st_stairs_6,
          minmay_another_anthill, grunt_megastairs_5
IceCv:    ice_cave_small_demon

Skill      XL: |  1  2  3  4  5  6  7  8  9 10 11 12 13 |
---------------+----------------------------------------+-----
Polearms       | 2 3 4 5 6 7 9 10 11 | 11.4
Dodging        | 2 3 5 6 7 8 |  8.0
Translocations | 1 2 3 4 |  4.0
Fighting       | 3 4 6 7 8 9 |  9.2
Spellcasting   | 3 4 5 6 |  6.0
Invocations    | 1 4 |  4.0
Charms         | 4 5 6 |  6.0
Necromancy     | 2 5 6 8 |  8.1
Stealth        | 4 |  4.0
Evocations     | 4 |  4.0
Maces & Flails | 1 5 |  5.7
Shields        | 1 3 |  3.9
Air Magic      | 2 |  2.6
Armour         | |  0.8

Action                   |  1- 3 |  4- 6 |  7- 9 | 10-12 | 13-15 || total
-------------------------+-------+-------+-------+-------+-------++-------
Melee: Spear             |   100 |   139 |       |     5 |       ||   244
       Trident           |       |   113 |       |    16 |       ||   129
       Kick              |       |     5 |    40 |   138 |    63 ||   246
       Halberd           |       |     4 |   261 |   549 |       ||   814
       Demon whip        |       |       |       |    11 |   179 ||   190
Throw: Stone             |    50 |   105 |   114 |   254 |    40 ||   563
       Dart              |       |       |     4 |       |     3 ||     7
       Boomerang         |       |       |       |    16 |    11 ||    27
 Cast: * Infusion        |    32 |    80 |    83 |   127 |    27 ||   349
       * Shroud of Golub |    10 |    36 |    33 |    67 |    21 ||   167
       * Song of Slaying |       |       |    48 |   133 |    27 ||   208
       * Regeneration    |       |       |       |   204 |    96 ||   300
Evoke: Wand              |       |       |       |     2 |     3 ||     5
  Use: Potion            |     4 |       |     2 |     5 |       ||    11
       Scroll            |       |    10 |    12 |     9 |     1 ||    32
 Stab: Sleeping          |     1 |     3 |       |       |       ||     4
       Distracted        |       |       |     1 |       |       ||     1
       Invisible         |       |       |       |       |     1 ||     1
  Eat: Chunk             |     3 |    13 |     9 |    15 |     3 ||    43
       Meat ration       |       |     1 |     1 |     4 |     1 ||     7
       Fruit             |       |       |       |     1 |       ||     1
Armor: Leather armour    |    13 |    27 |    14 |    44 |     6 ||   104
       Skin              |       |       |       |    12 |       ||    12
Dodge: Dodged            |    47 |   114 |   207 |   324 |   107 ||   799
Block: Other             |       |       |     9 |    83 |       ||    92
       Reflection        |       |       |     2 |     1 |     1 ||     4
       Buckler           |       |       |       |     4 |    69 ||    73
* Casting counts for permanent charms are approximate representations of how often the player would have had to cast a non-permanent spell for the same benefits.

Table legend:
 A = Spawn XP
 B = Non-spawn XP
 C = Spawn XP percentage of total XP
 D = Spawn monster count
 E = Non-spawn monster count
 F = Spawn count percentage of total count
 G = Total turns spent on level
                    A         B        C        D         E        F      G
               +---------+---------+-------+---------+---------+-------+---------
         Total |   10388 |   41387 |  20.1 |      76 |     292 |  20.7 | 24145
               +---------+---------+-------+---------+---------+-------+---------
           D:1 |      49 |      44 |  52.7 |       6 |      23 |  20.7 |  1960
           D:2 |      37 |     103 |  26.4 |       8 |      31 |  20.5 |  2135
           D:3 |       7 |      65 |   9.7 |       3 |      11 |  21.4 |  1836
           D:4 |     131 |     471 |  21.8 |       3 |      15 |  16.7 |  1846
           D:5 |     221 |     512 |  30.2 |       3 |      14 |  17.6 |   848
           D:6 |      44 |     654 |   6.3 |       3 |       8 |  27.3 |   820
           D:7 |     140 |     817 |  14.6 |       1 |      13 |   7.1 |  1039
           D:8 |    1101 |    2985 |  26.9 |      18 |      32 |  36.0 |  2931
        Lair:1 |    1289 |    5558 |  18.8 |       4 |      23 |  14.8 |  2264
        Lair:2 |    2501 |    5758 |  30.3 |       8 |      20 |  28.6 |  2195
        Lair:3 |    1128 |    4746 |  19.2 |       7 |      16 |  30.4 |  1012
        Lair:4 |    1668 |    1325 |  55.7 |       9 |       7 |  56.2 |  1143
        Lair:5 |    1935 |    2537 |  43.3 |       2 |       9 |  18.2 |  1483
        Lair:6 |     137 |   11521 |   1.2 |       1 |      46 |   2.1 |  1117
         IceCv |       0 |    4291 |   0.0 |       0 |      24 |   0.0 |  1516
               +---------+---------+-------+---------+---------+-------+---------
